 Dungeon Crawl Stone Soup version 0.18-a0-801-gb01a236 (webtiles) character file.

149 JokEr the Skirmisher (level 5, -24/48 HPs)
             Began as a Draconian Berserker on Dec 14, 2015.
             Was a Believer of Trog.
             Killed from afar by JokEr's ghost (30 damage)
             ... with a bolt of negative energy
             ... on level 4 of the Dungeon.
             The game lasted 00:05:37 (3100 turns).

JokEr the Skirmisher (Draconian Berserker)          Turns: 3100, Time: 00:05:38

Health: -24/48     AC:  6    Str: 20    XL:     5   Next: 9%
Magic:  5/5        EV: 14    Int:  7    God:    Trog [**....]
Gold:   100        SH:  0    Dex: 11    Spells: 0 memorised, 4 levels left

rFire  . . .     SeeInvis .     a - +1 hand axe
rCold  + . .     Clarity  .     (armour unavailable)
rNeg   . . .     SustAt   .     (no shield)
rPois  .         Gourm    .     (helmet restricted)
rElec  .         Spirit   .     (no cloak)
rCorr  .         Dismiss  .     l - +0 pair of gloves
rMut   .         Stasis   .     (no boots)
MR     .....                    (no amulet)
Stlth  +.........               i - ring of protection from cold
                                c - +3 ring of evasion

@: exhausted, slowed, very heavily drained, very slow, not resistant to hostile
enchantments, very unstealthy
A: unfitting armour, cold-blooded, AC +5
a: Berserk, Trog's Hand, Burn Spellbooks, Renounce Religion


You were on level 4 of the Dungeon.
You worshipped Trog.
Trog was pleased with you.
You were hungry.

You visited 1 branch of the dungeon, and saw 4 of its levels.

You collected 100 gold pieces.

Inventory:

Hand Weapons
 a - a +1 hand axe (weapon)
Armour
 l - a +0 pair of gloves (worn)
Jewellery
 c - a +3 ring of evasion (left hand)
 i - a ring of protection from cold (right hand)
 q - an uncursed amulet of faith {unknown}
Scrolls
 d - 3 scrolls of remove curse
 p - 3 scrolls of enchant weapon
 r - a scroll of identify {unknown}
Potions
 e - 2 potions of heal wounds {unknown}
 f - 2 potions of cancellation {unknown}
 g - a potion of curing {unknown}
 n - a potion of poison {unknown}
 o - a potion of agility {unknown}
 s - a potion of invisibility {unknown}
 x - a potion of ambrosia {unknown}
Comestibles
 b - 3 bread rations
 h - a royal jelly
 j - 2 meat rations
 k - a slice of pizza


   Skills:
 + Level 5.1(2.1) Fighting
 + Level 4.6(1.6) Axes
 - Level 2.6(0.0) Dodging


You had 4 spell levels left.
You didn't know any spells.

Dungeon Overview and Level Annotations

Branches:
Dungeon (4/15)
 Temple: D:4-7

Altars:
Dithmenos
Fedhas
Ru
Yredelemnul

Annotations:
D:4 JokEr's ghost, novice DrBe


Innate Abilities, Weirdness & Mutations

Your plain brown scales are hard (AC +5).
Your body does not fit into most forms of armour.
You are cold-blooded and may be slowed by cold attacks.


Message History

JokEr's ghost is lightly damaged.
JokEr's ghost closely misses you.
You miss JokEr's ghost.
You tail-slap JokEr's ghost, but do no damage.
JokEr's ghost is lightly damaged.
JokEr's ghost misses you.
You hit JokEr's ghost but do no damage.
JokEr's ghost is lightly damaged.
JokEr's ghost hits you.
* * * LOW HITPOINT WARNING * * *
There is a stone staircase leading up here.
You feel a strong urge to attack something.
You are no longer berserk.
You are exhausted.
You feel yourself slow down.
You are feeling hungry.
JokEr's ghost breathes negative energy at you.
The bolt of negative energy hits you!
You feel drained.
Ouch! That really hurt!
You die...

# # # #...... #
#.. ..#...#
#)#.#.# #.#...####
#.#.#.# #.#...#..#
#.#.#.# #.#...#..#
#.#.#.# #.#...#..#
#.#.#.# #.#...#<@#
#.#.#.# #.....##.#
#.#.#.#####....W.#
...........>#.####
..............#
#.#.###########
..#... ####### .


You could see JokEr's ghost.

Vanquished Creatures
  An orc wizard (D:3)
  4 adders
  3 gnolls (D:3)
  An ooze (D:3)
  2 giant geckos
  4 orcs (D:3)
  2 giant cockroaches
  2 gnoll zombies (D:2)
  8 goblins
  3 hobgoblins
  3 jackals (D:3)
  A quokka (D:3)
  9 bats
  2 giant newts (D:3)
  6 kobolds
  2 rats (D:3)
53 creatures vanquished.

Notes
Turn   | Place    | Note
--------------------------------------------------------------
     0 | D:1      | JokEr the Draconian Berserker began the quest for the Orb.
     0 | D:1      | Reached XP level 1. HP: 19/19 MP: 1/1
   177 | D:1      | Reached XP level 2. HP: 26/26 MP: 2/2
   913 | D:2      | Reached skill level 4 in Fighting
  1338 | D:2      | Found a shadowy altar of Dithmenos.
  1591 | D:2      | Reached XP level 3. HP: 29/33 MP: 3/3
  1594 | D:2      | Found a basalt altar of Yredelemnul.
  1777 | D:3      | Found a blossoming altar of Fedhas.
  1863 | D:3      | Found a sacrificial altar of Ru.
  1876 | D:3      | Reached ** piety under Trog
  1887 | D:3      | Reached XP level 4. HP: 38/41 MP: 4/4
  2206 | D:3      | Reached skill level 5 in Fighting
  2526 | D:3      | Reached XP level 5. HP: 36/48 MP: 5/5
  2846 | D:4      | Noticed JokEr's ghost (novice DrBe)
  3100 | D:4      | Killed from afar by JokEr's ghost

Vault maps used:
D:1:      minmay_arrival_semitransparent
D:2:      lemuel_zombie_altar_yredelemnul, serial_glass, glass_columns_b,
          glass_columns_c, grunt_dithmenos_smoke_and_mirrors
D:3:      nicolae_ru_sacrificial_ziggurat, lemuel_round_altar, first_bread
D:4:      lemuel_doored_altar, corexii_mini_fake_secret_closet

Action                   |  1- 3 |  4- 6 || total
-------------------------+-------+-------++-------
Melee: Hand axe          |    95 |    66 ||   161
Invok: Berserk           |     1 |     1 ||     2
  Use: Scroll            |     5 |     5 ||    10
 Stab: Sleeping          |     1 |       ||     1
  Eat: Bread ration      |     1 |       ||     1
       Fruit             |       |     3 ||     3
       Chunk             |       |     1 ||     1
